 Dungeon Crawl Stone Soup version 0.28-a0-998-gb9e9c7b67e (webtiles) character file.

Game seed: 6715345247321765353

126 bearlyready the Ruffian (level 5, -4/40 HPs)
             Began as a Ghoul Artificer on Dec 5, 2021.
             Was an Initiate of Makhleb.
             Killed from afar by Ijyb (27 damage)
             ... with a bolt of acid
             ... on level 3 of the Dungeon.
             The game lasted 00:03:38 (1811 turns).

bearlyready the Ruffian (Ghoul Artificer)           Turns: 1811, Time: 00:03:39

Health: -4/40      AC:  8    Str: 18    XL:     5   Next: 9%
Magic:  4/4        EV: 10    Int:  6    God:    Makhleb [......]
Gold:   48         SH:  0    Dex:  9    Spells: 4/4 levels left

rFire   . . .      SeeInvis +     - Unarmed
rCold   + . .      Faith    .   (no shield)
rNeg    + + +      Spirit   .   q - +0 ring mail
rPois   ∞          Reflect  .   s - +1 helmet {SInv}
rElec   .          Harm     .   (no cloak)
rCorr   .          Rampage  .   (no gloves)
Will    .....                   o - +0 pair of boots
Stlth   +.........              (no amulet)
HPRegen 0.00/turn               (no ring)
MPRegen 0.09/turn               (no ring)

@: inhibited regen
A: claws 1, cold resistance 1, negative energy resistance 3, inhibited
regeneration, torment resistance 2
a: Renounce Religion


You were on level 3 of the Dungeon.
You worshipped Makhleb.
Makhleb was noncommittal.
You visited 1 branch of the dungeon, and saw 3 of its levels.

You collected 103 gold pieces.
You spent 55 gold pieces at shops.

Inventory:

Hand Weapons
 n - a +0 hunting sling
Missiles
 a - 84 stones (quivered)
 m - 26 sling bullets
Armour
 o - a +0 pair of boots (worn)
 q - a +0 ring mail (worn)
 s - a +1 helmet of see invisible (worn)
Wands
 c - a wand of flame (15)
 d - a wand of charming (15)
Scrolls
 f - 2 scrolls of torment
 g - 3 scrolls of teleportation
 k - a scroll of vulnerability {unknown}
 p - a scroll of immolation
Potions
 b - a potion of mutation {unknown}
 h - a potion of might
 i - a potion of curing
 j - a potion of lignification
 l - 2 potions of heal wounds
 r - a potion of brilliance
Miscellaneous
 e - a piece from Xom's chessboard (15/15)


   Skills:
 - Level 1.1 Fighting
 - Level 1.7 Armour
 - Level 0.8 Dodging
 - Level 1.1 Stealth
 + Level 5.0 Unarmed Combat
 - Level 2.6 Evocations


You had 4 spell levels left.
You didn't know any spells.
Your spell library contained the following spells:

 Spells                   Type           Power      Damage    Failure   Level
 Magic Dart               Conj           0%         1d3       65%         1
 Call Imp                 Summ           0%         N/A       78%         2
 Mephitic Cloud           Conj/Pois/Air  0%         N/A       95%         3


Dungeon Overview and Level Annotations

Branches:
Dungeon (3/15)

Altars:
Makhleb

Shops:
D:3 ?=

Annotations:
D:3 Ijyb


Innate Abilities, Weirdness & Mutations

You thrive by killing the living.
You are immune to poison.
You have sharp fingernails.
Your flesh is cold resistant. (rC+)
You are immune to negative energy. (rN+++)
You do not regenerate when monsters are visible.
You are immune to unholy pain and torment.


Message History

You claw the adder!
You kill the adder!
Makhleb accepts your kill.
You feel better.
Your Unarmed Combat skill increases to level 5!
You claw Ijyb!
Ijyb is moderately wounded.
Ijyb hits you with a +0 club.
You scratch Ijyb.
Ijyb is heavily wounded.
Ijyb hits you with a +0 club.
You completely miss Ijyb.
Ijyb is heavily wounded.
Ijyb hits you but does no damage.
You barely miss Ijyb.
Ijyb is heavily wounded.
Ijyb hits you with a +0 club.
You are too injured to fight recklessly!
You are too injured to fight recklessly!
You are too injured to fight recklessly!
You are too injured to fight recklessly!
You are too injured to fight recklessly!
You are too injured to fight recklessly!
You are too injured to fight recklessly!
You are too injured to fight recklessly!
You are too injured to fight recklessly!
You are too injured to fight recklessly!
You are too injured to fight recklessly!
You are too injured to fight recklessly!
You are too injured to fight recklessly!
You are too injured to fight recklessly!
You are too injured to fight recklessly!
You barely miss Ijyb.
Ijyb is heavily wounded.
Ijyb hits you with a +0 club.
You barely miss Ijyb.
Ijyb is heavily wounded.
Ijyb zaps a wand.
The bolt of acid hits you!!
Ouch! That really hurt!
You die...

...##.####.....##
...............##
...##.####......#####.##
...##.# #.............#
...##.# #.#.....####..#
#####.# ..........## #
#..............# .
.........##...## #
#....#.## ##@##
###.#...g.# # #.#####


You could see Ijyb (strong).

Vanquished Creatures
  Natasha (D:3)
  Robin (D:3)
  2 adders (D:3)
  3 dart slugs (D:1)
  4 endoplasms
  3 giant cockroaches (D:1)
  13 goblins
  9 hobgoblins
  3 quokkas
  6 ball pythons
  4 bats
  4 frilled lizards
  4 kobolds (D:1)
  5 rats
62 creatures vanquished.

Notes
Turn   | Place    | Note
-------+----------+-------------------------------------------
     0 | D:1      | bearlyready the Ghoul Artificer began the quest for the
                  | Orb.
     0 | D:1      | Reached XP level 1. HP: 16/16 MP: 0/0
    68 | D:1      | Reached skill level 1 in Unarmed Combat
   105 | D:1      | Reached XP level 2. HP: 23/23 MP: 1/1
   117 | D:1      | Reached skill level 2 in Unarmed Combat
   514 | D:1      | Reached XP level 3. HP: 23/28 MP: 2/2
   585 | D:1      | Reached skill level 3 in Unarmed Combat
  1253 | D:2      | Found a burning altar of Makhleb.
  1304 | D:2      | Became a worshipper of Makhleb the Destroyer
  1425 | D:3      | Found Paudduw's Magic Scroll Boutique.
  1429 | D:3      | Bought a scroll of teleportation for 33 gold pieces
  1429 | D:3      | Bought a scroll of identify for 22 gold pieces
  1459 | D:3      | Found a faded altar of an unknown god.
  1459 | D:3      | Found Icacoted's Jewellery Emporium.
  1479 | D:3      | Reached XP level 4. HP: 35/35 MP: 3/3
  1482 | D:3      | Noticed Natasha
  1527 | D:3      | Killed Natasha
  1528 | D:3      | Reached skill level 4 in Unarmed Combat
  1595 | D:3      | Noticed Robin
  1618 | D:3      | Killed Robin
  1751 | D:3      | Reached XP level 5. HP: 40/40 MP: 4/4
  1787 | D:3      | Noticed Ijyb
  1806 | D:3      | Reached skill level 5 in Unarmed Combat
  1811 | D:3      | Killed from afar by Ijyb

Illustrated notes

Levels and vault maps discovered:
D:1:      amcnicky_arrival_gap_in_the_tavern_cellar, layout_basic,
          minmay_pentomino_v4
D:2:      layout_rooms, basic_altar
D:3:      cheibrodos_greedy_goblins, layout_loops_ring, basic_ecumenical_altar,
          serial_shops, nicolae_shop_crystal, shop, shop, shop,
          nicolae_shop_hallway_stairs, uniq_crazy_yiuf_cottage, uniq_natasha,
          uniq_ijyb, uniq_jessica, uniq_robin

Skill      XL: |  1  2  3  4  5 |
---------------+----------------+-----
Unarmed Combat | 1 2 3 4 5 |  5.0
Fighting       | |  1.1
Armour         | |  1.7
Dodging        | |  0.8
Stealth        | |  1.1
Evocations     | |  2.6

Action                   |  1- 3 |  4- 6 || total
-------------------------+-------+-------++-------
Melee: Unarmed           |   144 |    86 ||   230
       Club              |     2 |       ||     2
       Punch             |       |     1 ||     1
  Use: Scroll            |     6 |       ||     6
 Stab: Sleeping          |     1 |       ||     1
Armor: Leather armour    |    37 |       ||    37
       Ring mail         |    15 |    31 ||    46
Dodge: Dodged            |    87 |    36 ||   123

Table legend: (Time is in decaauts)
 A = Elapsed time spent in this place.
 B = Non-inter-level travel time spent in this place.
 C = Inter-level travel time spent in this place.
 D = Time resting spent in this place.
 E = Time spent auto-exploring this place.
 F = Levels seen in this place.
 G = Mean time per level.
                   A        B        C        D        E       F      G
               +--------+--------+--------+--------+--------+-----+--------+
         Total |   1798 |   1746 |     52 |      9 |   1206 |   3 |  599.3 |
       Dungeon |   1798 |   1746 |     52 |      9 |   1206 |   3 |  599.3 |
               +--------+--------+--------+--------+--------+-----+--------+

Top non-repeatable levels by time:
     D:1: 976 daAuts
     D:2: 443 daAuts
     D:3: 378 daAuts
